AoeStats
← bayon

Arabia

509929485Analyzed
1v1 RM · 3d ago on Sep 28, 2026· 38m 29s· 2 players
Game mode
Random Map
Map size
Tiny (2 player)
Population
200
Speed
Normal
Resources
Standard
Victory
Conquest
Starting age
Dark Age
Ending age
Imperial Age
RankedLock teamsTeams togetherTeam positionsShared explorationLock speedFull tech treeHidden civsTurbo modeCheats
Victory
Defeat
🇨🇱 Khitans · Chile
892
+16
🇵🇹 Mongols · Portugal
892
-16
Hindues
6:17 Loom
9:09 Feudal Age
21:29 Castle Age
20:22 Double-Bit Axe
21:33 Crossbowman
22:09 Fletching
25:04 Bodkin Arrow
25:58 Pikeman
40:22 Imperial Age
bayon
7:27 Loom
9:38 Feudal Age
12:09 Double-Bit Axe
15:38 Scale Barding Armor
16:47 Horse Collar
18:28 Fletching
18:38 Padded Archer Armor
23:24 Castle Age
23:18 Bloodlines
24:24 Leather Archer Armor
24:05 Bodkin Arrow
25:32 Husbandry
26:47 Gold Mining
28:11 Chain Barding Armor
28:02 Elite Skirmisher
34:56 Light Cavalry
Connection lost

Rejoining the realm…

Still unreachable

The connection could not be restored.

Session expired

The server has moved on; the page needs a fresh start.